 Dungeon Crawl Stone Soup version 0.28-a0-589-g333b8329f1 (webtiles) character file.

Game seed: 15813531321296803594

4022 Irenicus the Earth Mage (level 10, -4/75 HPs)
             Began as a Deep Dwarf Earth Elementalist on Oct 3, 2021.
             Was a Follower of Makhleb.
             Slain by a yak (10 damage)
             ... on level 8 of the Dungeon.
             The game lasted 00:35:22 (3930 turns).

Irenicus the Earth Mage (DDEE)                      Turns: 3930, Time: 00:35:25

Health: -4/75      AC:  7    Str: 13    XL:     10   Next: 4%
Magic:  7/13       EV: 11    Int: 22    God:    Makhleb [*.....]
Gold:   389        SH:  0    Dex:  9    Spells: 7/13 levels left

rFire   . . .      SeeInvis +   g - staff of earth {!a}
rCold   . . .      Faith    .   (no shield)
rNeg    . . .      Spirit   .   t - +0 leather armour
rPois   +          Reflect  .   l - +0 helmet
rElec   .          Harm     .   z - +0 cloak
rCorr   .          Rampage  .   (no gloves)
Will    .....                   a - +1 pair of boots
Stlth   ++........              j - amulet of magic regeneration
HPRegen 0.00/turn               v - ring of see invisible
MPRegen 0.38/turn               u - ring "Soroarab" {Wiz rPois Will- Int+4 Dex-4}

@: no status effects
A: damage resistance, heal wounds, sense surroundings 2, no regeneration
a: Heal Wounds, Renounce Religion


You were on level 8 of the Dungeon.
You worshipped Makhleb.
Makhleb was aware of your devotion.
You visited 2 branches of the dungeon, and saw 9 of its levels.

You collected 389 gold pieces.


Innate Abilities, Weirdness & Mutations

You are resistant to damage.
You can heal yourself by infusing magical energy.
You passively map the area around you.
You do not regenerate.


   Skills:
 - Level 1.1 Staves
 - Level 2.1 Dodging
 - Level 2.4 Stealth
 - Level 2.1 Spellcasting
 - Level 4.0 Conjurations
 - Level 0.8 Transmutations
 + Level 16.4 Earth Magic
 - Level 6.3 Evocations


You had 7 spell levels left.
You knew the following spells:

 Your Spells              Type           Power      Damage    Failure   Level
t - Stone Arrow           Conj/Erth      100%       3d13      1%          3
w - Passwall              Tmut/Erth      47%        N/A       1%          2
z - Sandblast             Erth           100%       2d20      0%          1

Your spell library contained the following spells:

 Spells                   Type           Power      Damage    Failure   Level
 Petrify                  Tmut/Erth      57%        N/A       1%          4
 Animate Skeleton         Necr           4%         N/A       7%          1
 Pain                     Necr           8%         1d4       7%          1
 Corpse Rot               Necr/Air       N/A        N/A       11%         2
 Poisonous Vapours        Pois/Air       4%         N/A       11%         2
 Vampiric Draining        Necr           1%         2d6       21%         3

Inventory:

Hand Weapons
 d - a +0 short sword
 s - the +7 Spriggan's Knife {stab, EV+4 Stlth+}
   (You found it on level 5 of the Dungeon)

   It is more effective when stabbing unaware enemies, treating them as though
   they were completely helpless.
   EV:        It affects your evasion (+4).
   Stlth:     It makes you more stealthy.
Missiles
 b - 2 throwing nets {=f}
 c - 70 stones
 h - 2 curare-tipped darts {=f}
Armour
 a - a +1 pair of boots (worn)
 l - a +0 helmet (worn)
 t - a +0 leather armour (worn)
 z - a +0 cloak (worn)
Magical Staves
 g - a staff of earth (weapon) {!a}
Jewellery
 j - an amulet of magic regeneration (around neck)
 u - the ring "Soroarab" (right hand) {Wiz rPois Will- Int+4 Dex-4}
   (You found it on level 6 of the Dungeon)

   [ring of wizardry]

   It improves your spell success rate.
   Int:       It affects your intelligence (+4).
   Dex:       It affects your dexterity (-4).
   rPois:     It protects you from poison.
   Will:      It decreases your willpower.
 v - a ring of see invisible (left hand)
Wands
 m - a wand of acid (3)
 y - a wand of polymorph (4)
 A - a wand of flame (17)
Scrolls
 e - 3 scrolls of identify {@r1}
 i - a scroll of enchant armour
 k - a scroll of enchant weapon {unknown}
 o - a scroll of fear {unknown}
 p - a scroll of fog {unknown}
 r - 3 scrolls of teleportation {unknown}
 x - a scroll of immolation {unknown}
 C - a scroll of noise {unknown}
Potions
 f - 2 potions of attraction
 n - a potion of resistance
 q - a potion of lignification
 w - 2 potions of magic
 B - 2 potions of might {unknown}
 D - a potion of berserk rage {unknown}

Dungeon Overview and Level Annotations

Branches:
Dungeon (8/15)             Temple (1/1) D:7
   Lair: D:8-11

Altars:
Ashenzari
Dithmenos
Elyvilon
Fedhas
Makhleb
Okawaru
Ru
Sif Muna
Trog
Uskayaw
Vehumet
Yredelemnul
Zin
The Shining One
Beogh
Lugonu

Shops:
D:5 (

Annotations:
D:7 1 runed translucent door, Karim's ghost, novice GnEE

,* * .Y.*
, #.### *
*** * * ,
#..## ,
#Y.# * ,*
#..# *,
,> #..#
*, * * ,,
##Y.# , *
*,
###Y### *
, , #.@##
, ,,
........#
.......##
,* *
###.... ,
###.. * *
* ##. ,*
,, ,* ##
* + ,, *
, , , , ,
, *


You could see 2 yaks.


Message History

You feel a surge of power!
The stone arrow hits the yak!
You kill the yak!
Makhleb accepts your kill.
A yak comes into view. x2
You see here a yak corpse.
The yak bellows!
You hear a bellow!
A yak comes into view.
You see here a yak corpse.
Aiming: Corrosive Bolt
Press: ? - help, Shift-Dir - straight line, f - yak
Aim: a yak (84% to hit)
The bolt of acid hits the yak!
The yak is heavily wounded.
The bolt of acid hits the yak!!
The acid corrodes the yak!
The yak is severely wounded.
The yak gores you!
* * * LOW HITPOINT WARNING * * *
Aiming: Corrosive Bolt
Press: ? - help, Shift-Dir - straight line, f - yak, p - yak
Aim: a yak (84% to hit)
The bolt of acid hits the yak!
The acid corrodes the yak!
The yak is severely wounded.
The bolt of acid hits the yak!!
The yak seems to be corroded for longer.
You kill the yak!
Makhleb accepts your kill.
The bolt of acid hits the yak!!
The acid corrodes the yak!
The yak is severely wounded.
The yak gores you!
You die...

Skill      XL: |  1  2  3  4  5  6  7  8  9 |
---------------+----------------------------+-----
Earth Magic    | 5 6 8 9 10 12 16 | 16.4
Staves         | 1 |  1.1
Spellcasting   | 2 |  2.1
Evocations     | 5 6 |  6.3
Conjurations   | 2 4 |  4.0
Dodging        | |  2.1
Stealth        | |  2.4
Transmutations | |  0.8

Action                   |  1- 3 |  4- 6 |  7- 9 | 10-12 || total
-------------------------+-------+-------+-------+-------++-------
Melee: Short sword       |     9 |       |       |       ||     9
       Staff             |    55 |     4 |       |       ||    59
       Unarmed           |     1 |       |       |       ||     1
 Cast: Sandblast         |    33 |    39 |    57 |     1 ||   130
       Passwall          |     1 |     4 |    27 |       ||    32
       Stone Arrow       |       |     5 |    73 |     2 ||    80
Evoke: Wand              |       |     5 |     3 |     2 ||    10
  Use: Scroll            |     2 |     2 |     1 |       ||     5
       Potion            |       |     5 |     3 |       ||     8
 Stab: Sleeping          |     4 |     1 |       |       ||     5
Armor: Robe              |    38 |     3 |       |       ||    41
       Skin              |       |     3 |       |       ||     3
       Leather armour    |       |       |    11 |     1 ||    12
Dodge: Dodged            |    66 |     8 |    15 |       ||    89

Levels and vault maps discovered:
D:1:      eino_arrival_druids_welcome, layout_basic,
          shapermc_ecumenical_altar_petra, minmay_heptomino_o4
D:2:      layout_loops_ring
D:3:      wad_river_or_something, layout_basic, tso_metal_star,
          nicolae_overflow_crystal_walls, uniq_jessica, uniq_sigmund, uniq_robin
D:4:      layout_gridville, fiery_altar_vehumet, kennysheep_orc_chapel
D:5:      layout_gridville, eat_drink_and_be_merry_uskayaw, serial_shops,
          nicolae_shop_overgrown_old_shop, uniq_prince_ribbit1
D:6:      layout_cave_pools, mainiacjoe_overflow_24_doors,
          minmay_tree_intersection, uniq_crazy_yiuf_cottage
D:7:      layout_loops_corners, lemuel_coloured_pillars_altar,
          nicolae_ru_great_annihilating_truth, minmay_temple_entry_water_ring,
          gammafunk_ghost_grave, uniq_joseph, uniq_pikel
D:8:      layout_layer_cave, lemuel_doored_altar, lemuel_flamethrower_2
Temple:   corrupted_temple

Notes
Turn   | Place    | Note
-------+----------+-------------------------------------------
     0 | D:1      | Irenicus the Deep Dwarf Earth Elementalist began the quest
                  | for the Orb.
     0 | D:1      | Reached XP level 1. HP: 15/15 MP: 3/3
   273 | D:1      | Found a faded altar of an unknown god.
   356 | D:1      | Reached XP level 2. HP: 17/22 MP: 4/4
   447 | D:1      | Learned a level 2 spell: Passwall
   634 | D:2      | Reached skill level 5 in Earth Magic
   682 | D:2      | Reached skill level 1 in Staves
   714 | D:2      | Reached XP level 3. HP: 16/28 MP: 1/5
   757 | D:2      | Reached skill level 2 in Spellcasting
   985 | D:3      | Noticed Jessica
   986 | D:3      | Killed Jessica
   987 | D:3      | Reached skill level 6 in Earth Magic
   987 | D:3      | Reached XP level 4. HP: 15/36 MP: 5/7
  1009 | D:3      | Found a glowing golden altar of the Shining One.
  1116 | D:3      | Noticed Sigmund
  1133 | D:3      | Killed Sigmund
  1134 | D:3      | Reached skill level 8 in Earth Magic
  1134 | D:3      | Reached XP level 5. HP: 32/42 MP: 5/8
  1168 | D:3      | Learned a level 3 spell: Stone Arrow
  1386 | D:3      | Found a broken altar of Ashenzari.
  1462 | D:3      | Noticed Robin
  1464 | D:3      | Reached XP level 6. HP: 25/49 MP: 9/9
  1477 | D:3      | Killed Robin
  1642 | D:4      | Reached skill level 9 in Earth Magic
  1677 | D:4      | Found a radiant altar of Vehumet.
  1730 | D:5      | Entered Level 5 of the Dungeon
  1738 | D:5      | Found a hide-covered altar of Uskayaw.
  1747 | D:5      | Noticed a vampire mosquito
  1747 | D:5      | Noticed a vampire mosquito
  1748 | D:5      | Noticed a vampire mosquito
  1750 | D:5      | Killed a vampire mosquito
  1751 | D:5      | Reached skill level 3 in Evocations
  1751 | D:5      | Killed a vampire mosquito
  1752 | D:5      | Reached skill level 5 in Evocations
  1752 | D:5      | Reached XP level 7. HP: 13/55 MP: 8/10
  1754 | D:5      | Killed a vampire mosquito
  1755 | D:5      | Reached skill level 6 in Evocations
  1847 | D:5      | Found the +7 Spriggan's Knife {stab, EV+4 Stlth+}
  1997 | D:5      | Reached skill level 1 in Conjurations
  2075 | D:5      | Reached skill level 2 in Conjurations
  2075 | D:5      | Reached skill level 10 in Earth Magic
  2075 | D:5      | Reached XP level 8. HP: 36/62 MP: 6/11
  2076 | D:5      | Noticed Prince Ribbit
  2084 | D:5      | Killed Prince Ribbit
  2085 | D:5      | Reached skill level 3 in Conjurations
  2095 | D:5      | Found Gyxzeho's Antique Weapon Shop.
  2196 | D:6      | Reached skill level 11 in Earth Magic
  2209 | D:6      | Reached skill level 4 in Conjurations
  2243 | D:6      | Found a white marble altar of Elyvilon.
  2250 | D:6      | Identified the ring "Soroarab" {Wiz rPois Will- Int+4
                  | Dex-4}
  2270 | D:6      | Identified a potion of resistance
  2349 | D:6      | Reached skill level 12 in Earth Magic
  2414 | D:6      | Gained mutation: You passively map the area around you.
                  | [Deep Dwarf growth]
  2414 | D:6      | Reached XP level 9. HP: 34/68 MP: 0/12
  2507 | D:6      | Found a runed translucent door.
  2510 | D:6      | Noticed Crazy Yiuf
  2514 | D:6      | Killed Crazy Yiuf
  2654 | D:7      | Found a runed translucent door.
  2655 | D:7      | Noticed Karim's ghost (novice GnEE)
  2678 | D:7      | Reached skill level 13 in Earth Magic
  2711 | D:7      | Noticed Pikel
  2772 | D:7      | Found a staircase to the Ecumenical Temple.
  2797 | D:7      | Killed Pikel
  2798 | D:7      | Reached skill level 14 in Earth Magic
  2805 | Temple   | Entered the Ecumenical Temple
  2822 | Temple   | Became a worshipper of Makhleb the Destroyer
  3512 | D:7      | Reached * piety under Makhleb
  3522 | D:7      | Found a sacrificial altar of Ru.
  3554 | D:7      | Reached skill level 15 in Earth Magic
  3640 | D:7      | Noticed a gargoyle
  3651 | D:7      | Killed a gargoyle
  3812 | D:7      | Noticed Joseph
  3818 | D:7      | Noticed Joseph
  3818 | D:7      | Joseph changed into Joseph the rime drake
  3821 | D:7      | Killed Joseph the rime drake
  3822 | D:7      | Reached skill level 16 in Earth Magic
  3835 | D:7      | Found a blossoming altar of Fedhas.
  3921 | D:8      | Reached XP level 10. HP: 13/75 MP: 11/13
  3929 | D:8      | HP: 6/75 [yak (7)]
  3930 | D:8      | Slain by a yak

Vanquished Creatures
  Pikel (D:7)
  A gargoyle (D:7)
  A rime drake (D:7)
  Prince Ribbit (D:5)
  Sigmund (D:3)
  2 yaks (D:8)
  3 vampire mosquitoes (D:5)
  3 sky beasts
  2 black bears (D:5)
  2 ogres
  A centaur (D:7)
  3 lemures (D:7)
  A phantom (D:5)
  A kobold brigand (D:7)
  2 bullfrogs
  A scorpion (D:4)
  2 water moccasin zombies
  A water moccasin skeleton (D:6)
  4 wights (D:7)
  2 howler monkeys (D:6)
  3 centaur zombies
  3 orc priests
  4 hounds
  A centaur skeleton (D:6)
  Crazy Yiuf (D:6)
  Jessica (D:3)
  An iguana (D:6)
  2 orc wizards (D:7)
  A killer bee zombie (D:5)
  A hound skeleton (D:5)
  Robin (D:3)
  3 gnolls (D:4)
  3 adders
  A shadow imp (D:6)
  A white imp (D:6)
  An ufetubus (D:6)
  An adder skeleton (D:4)
  2 worms
  2 dart slugs
  18 orcs
  10 endoplasms
  3 giant cockroaches
  12 goblins
  13 hobgoblins
  3 quokkas
  5 ball pythons
  8 bats
  A frilled lizard (D:3)
  A giant cockroach zombie (D:3)
  10 kobolds
  5 rats
157 creatures vanquished.

Vanquished Creatures (others)
  A fungus (D:6)
  2 withered plants (D:7)
3 creatures vanquished.

Grand Total: 160 creatures vanquished

Table legend: (Time is in decaauts)
 A = Elapsed time spent in this place.
 B = Non-inter-level travel time spent in this place.
 C = Inter-level travel time spent in this place.
 D = Time resting spent in this place.
 E = Time spent auto-exploring this place.
 F = Levels seen in this place.
 G = Mean time per level.
                   A        B        C        D        E       F      G
               +--------+--------+--------+--------+--------+-----+--------+
         Total |   3945 |   3759 |    186 |    125 |      0 |   9 |  438.3 |
       Dungeon |   3911 |   3725 |    186 |    125 |      0 |   8 |  488.9 |
        Temple |     33 |     33 |      0 |      0 |      0 |   1 |   33.0 |
               +--------+--------+--------+--------+--------+-----+--------+

Top non-repeatable levels by time:
     D:7: 726 daAuts
     D:4: 637 daAuts
     D:3: 595 daAuts
     D:1: 592 daAuts
     D:5: 477 daAuts
     D:6: 466 daAuts
     D:2: 399 daAuts
  Temple: 33 daAuts
     D:8: 15 daAuts

Table legend:
 A = Non-vault XP
 B = Vault XP
 C = Vault XP percentage of total XP
 D = Non-vault monster count
 E = Vault monster count
 F = Vault count percentage of total count
                 A         B        C        D         E       F
            +---------+---------+-------+---------+---------+-------
      Total |    4181 |    1768 |  29.7 |     117 |      37 |  24.0
            +---------+---------+-------+---------+---------+-------
        D:1 |      16 |       5 |  23.8 |      11 |       3 |  21.4
        D:2 |      47 |       0 |   0.0 |      23 |       0 |   0.0
        D:3 |      33 |     321 |  90.7 |       9 |      23 |  71.9
        D:4 |     300 |      49 |  14.0 |      20 |       3 |  13.0
        D:5 |    1170 |     300 |  20.4 |      16 |       1 |   5.9
        D:6 |     980 |      39 |   3.8 |      17 |       1 |   5.6
        D:7 |    1186 |    1054 |  47.1 |      18 |       6 |  25.0
        D:8 |     449 |       0 |   0.0 |       3 |       0 |   0.0
            +---------+---------+-------+---------+---------+-------
